 Dungeon Crawl Stone Soup version 0.20-a0-1126-g0f15420 (webtiles) character file.

165 Naow the Firebug (level 5, -2/31 HPs)
             Began as an Octopode Fire Elementalist on May 17, 2017.
             Slain by a killer bee (8 damage)
             ... on level 3 of the Dungeon.
             The game lasted 00:07:00 (3937 turns).

Naow the Firebug (Octopode Fire Elementalist)       Turns: 3937, Time: 00:07:01

Health: -2/31      AC:  1    Str:  8    XL:     5   Next: 46%
Magic:  8/19       EV: 14    Int: 18    God:
Gold:   131        SH:  0    Dex: 18    Spells: 0/10 levels left

rFire    . . .     SeeInvis .   f - +6 short sword
rCold    . . .     Gourm    .   (no shield)
rNeg     . . .     Faith    .   (helmet restricted)
rPois    .         Spirit   .   (no amulet)
rElec    .         Reflect  .   i - +6 ring of dexterity
rCorr    .         Harm     .   k - ring of magical power
MR       .....                  (no ring)
Stlth    +++.......             (no ring)
Regen    0.1/turn               (no ring)
MPRegen  0.2/turn               (no ring)
                                (no ring)
                                (no ring)

@: lethally poisoned (-2 -> -6), very slightly contaminated
A: almost no armour, stealthy swim, amphibious, 8 rings, constrict 8, camouflage
1, gelatinous body 1
a: no special abilities


You were on level 3 of the Dungeon.
You were hungry.

You visited 1 branch of the dungeon, and saw 4 of its levels.

You collected 131 gold pieces.

Inventory:

Hand Weapons
 f - a +6 short sword (weapon)
 n - a +3 dagger
Jewellery
 i - a +6 ring of dexterity (left tentacle)
 k - a ring of magical power (right tentacle)
Scrolls
 g - a scroll of random uselessness {unknown}
 l - a scroll of enchant weapon {unknown}
 o - 4 scrolls of teleportation {unknown}
 r - 4 scrolls of magic mapping {unknown}
 v - a scroll of enchant armour {unknown}
 x - 4 scrolls of remove curse {unknown}
 y - a scroll of immolation {unknown}
 z - a scroll of recharging {unknown}
 A - 2 scrolls of identify {unknown}
Potions
 c - a potion of berserk rage {unknown}
 e - a potion of flight {unknown}
 j - 2 potions of heal wounds {unknown}
 m - a potion of invisibility {unknown}
 q - 2 potions of lignification {unknown}
 s - 2 potions of haste
 u - a potion of magic {unknown}
 w - a potion of degeneration {unknown}
Books
 a - a book of Flames

   Spells                             Type                      Level
   a - Flame Tongue                   Conjuration/Fire             1
   b - Throw Flame                    Conjuration/Fire             2
   c - Conjure Flame                  Conjuration/Fire             3
   d - Inner Flame                    Hexes/Fire                   3
   e - Sticky Flame                   Conjuration/Fire             4
   f - Fireball                       Conjuration/Fire             5
 h - a book of Conjurations

   Spells                             Type                      Level
   a - Magic Dart                     Conjuration                  1
   b - Searing Ray                    Conjuration                  2
   c - Dazzling Spray                 Conjuration/Hexes            3
   d - Fulminant Prism                Conjuration/Hexes            4
   e - Force Lance                    Conjuration/Translocation    4
   f - Iskenderun's Mystic Blast      Conjuration                  4
Comestibles
 b - 3 bread rations
 d - 5 fruits
 p - a meat ration
 t - a royal jelly
 B - 3 chunks of flesh


   Skills:
 - Level 2.0 Dodging
 - Level 2.6 Stealth
 + Level 3.3 Spellcasting
 + Level 2.8 Conjurations
 + Level 4.2 Fire Magic


You couldn't memorise any spells.
You knew the following spells:

 Your Spells              Type           Power        Failure   Level  Hunger
a - Flame Tongue          Conj/Fire      ###..        3%          1    None
b - Throw Flame           Conj/Fire      ###...       5%          2    ##.....
c - Conjure Flame         Conj/Fire      ###.....     11%         3    ###....
d - Sticky Flame          Conj/Fire      ###.....     36%         4    ####...


Dungeon Overview and Level Annotations

Branches:
Dungeon (4/15)
 Temple: D:4-7

Altars:


Innate Abilities, Weirdness & Mutations

You cannot wear most types of armour.
You are very stealthy in the water. (Stealth+)
You are amphibious.
You can wear up to eight rings at the same time.
You can use your tentacles to constrict eight enemies at once.
Your skin changes colour to match your surroundings (Stealth+).
Your rubbery body absorbs attacks. (AC +1, EV +1)


Message History

The flame tongue misses the killer bee.
The flame tongue hits the killer bee.
The killer bee is severely wounded.
The killer bee completely misses you. The killer bee stings you.
The killer bee stings you!
A killer bee comes into view.
The killer bee barely misses you. The killer bee stings you.
The killer bee misses you.
There is a stone staircase leading up here.
The killer bee barely misses you. The killer bee stings you.
* * * LOW HITPOINT WARNING * * *
You are poisoned.
The killer bee poisons you! The killer bee closely misses you. x2
The killer bee barely misses you.
You climb upwards.
You feel sick.
There is a stone staircase leading down here.
You completely miss the killer bee. Your grab misses the killer bee.
The killer bee is severely wounded.
You feel sick. The killer bee stings you!
You die...

### ##.## ######.#.##
#####....####.##
....#.#####.##.###
.....).........y@#
....#...<#..####y###
.....#####..# #...#
.###.### #..# #.#.###
.###...# #[.# ##.....##
.....#.###..###..###..#
................##.##.##
####...########.#...#..#
#.#.# ####..###...#


You could see 2 killer bees.

Vanquished Creatures
  Terence (D:2)
  Robin (D:3)
  3 adders (D:3)
  2 worms (D:3)
  3 dart slugs
  4 leopard geckos
  2 orcs (D:3)
  11 bats
  3 giant cockroaches (D:1)
  18 goblins
  9 hobgoblins
  2 jackals (D:3)
  5 kobolds
  2 quokkas
  6 frilled lizards
  13 rats
85 creatures vanquished.

Notes
Turn   | Place    | Note
-------+----------+-------------------------------------------
     0 | D:1      | Naow the Octopode Fire Elementalist began the quest for the Orb.
     0 | D:1      | Reached XP level 1. HP: 11/11 MP: 3/3
   438 | D:1      | Reached XP level 2. HP: 17/17 MP: 3/5
   866 | D:1      | Reached XP level 3. HP: 21/21 MP: 6/6
  1232 | D:2      | Noticed Terence
  1251 | D:1      | Learned a level 2 spell: Throw Flame
  1255 | D:1      | Learned a level 3 spell: Conjure Flame
  1333 | D:2      | Killed Terence
  1333 | D:2      | Reached XP level 4. HP: 27/27 MP: 5/8
  2201 | D:3      | Noticed Robin
  2298 | D:3      | Reached skill level 4 in Fire Magic
  2736 | D:3      | Reached XP level 5. HP: 25/31 MP: 9/9
  3103 | D:2      | Learned a level 4 spell: Sticky Flame
  3535 | D:3      | Killed Robin
  3937 | D:3      | Slain by a killer bee

Vault maps used:
D:1:      scummos_arrival_star
D:2:      uniq_terence
D:3:      gup_sewer_entry_spiral, amethyst_killhole, minmay_ruptured, uniq_robin

Skill      XL: |  1  2  3  4 |
---------------+-------------+-----
Conjurations   | 2 |  2.8
Fire Magic     | 4 |  4.2
Spellcasting   | 3 |  3.3
Dodging        | |  2.0
Stealth        | |  2.6

Action                   |  1- 3 |  4- 6 || total
-------------------------+-------+-------++-------
Melee: Unarmed           |     5 |       ||     5
       Constrict         |     6 |    13 ||    19
       Tentacles         |     3 |     6 ||     9
       Short sword       |    22 |    62 ||    84
 Cast: Flame Tongue      |    30 |    12 ||    42
       Conjure Flame     |     1 |     2 ||     3
       Throw Flame       |       |    31 ||    31
 Stab: Sleeping          |     3 |    10 ||    13
  Eat: Chunk             |     1 |    10 ||    11
Armor: Skin              |     1 |     2 ||     3
Dodge: Dodged            |    16 |    44 ||    60
